Map: Inside and Out

Players

SMAN - Winner!

  • Race: Protoss Protoss
  • League: Diamond
  • Spawn Location: 1:00

GreZ

  • Race: Zerg Zerg
  • League: Diamond
  • Spawn Location: 7:00

VOD

Have the link to the VOD?

Description

Time

  • Played on: July 26, 2022, 3:25 p.m.
  • Length: 7:32
Show
View Real Time Build Order
Export as new Build Order

SMAN Protoss - Winner!

Build Orders:  

Get SALT Encoding   

  12  0:01  Probe (Chrono Boost)  
  13  0:11  Probe (Chrono Boost)  
  14  0:16  Probe (Chrono Boost)  
  15  0:23  Pylon  
  15  0:41  Probe  
  15  0:42  Forge  
  16  0:52  Pylon  
  16  0:53  Probe  
  17  1:05  Probe  
  18  1:24  Pylon, Photon Cannon  
  18  1:25  Pylon  
  18  1:36  Photon Cannon  
  18  1:38  Pylon  
  18  1:50  Pylon  
  18  1:57  Probe  
  19  2:08  Photon Cannon  
  19  2:09  Photon Cannon  
  19  2:27  Nexus  
  19  2:37  Gateway  
  19  2:48  Photon Cannon  
  19  2:57  Probe (Chrono Boost)  
  20  2:59  Assimilator  
  21  3:06  Probe (Chrono Boost)  
  21  3:08  Assimilator  
  21  3:11  Probe (Chrono Boost)  
  22  3:23  Probe  
  23  3:35  Probe (Chrono Boost)  
  23  3:36  Cybernetics Core  
  25  3:41  Probe (Chrono Boost)  
  25  3:48  Probe (Chrono Boost)  
  26  3:50  Pylon, Probe (Chrono Boost)  
  26  3:53  Probe (Chrono Boost)  
  26  3:55  Probe (Chrono Boost)  
  29  4:04  Probe  
  30  4:13  Stargate  
  30  4:22  Shield Battery  
  32  4:24  Sentry  
  32  4:29  Photon Cannon  
  32  4:30  Pylon  
  32  4:32  Probe x2  
  34  4:44  Probe  
  35  4:46  Probe  
  36  5:05  Void Ray (Chrono Boost)  
  35  5:22  Pylon  
  35  5:25  Pylon  
  35  5:26  Pylon  
  39  5:44  Probe  
  39  5:56  Probe  
  40  6:08  Probe  
  41  6:14  Stargate  
  41  6:17  Pylon, Stalker (Chrono Boost)  
  39  6:21  Pylon  
  39  6:25  Pylon  
  41  6:38  Stalker  
  43  6:47  Pylon  
  43  6:57  Probe x2  
  45  7:09  Probe  
Show
View Real Time Build Order
Export as new Build Order

GreZ Zerg 

Build Orders: Pool First, Roach Nydus 

Get SALT Encoding   

  12  0:00  Drone  
  13  0:13  Overlord  
  13  0:17  Drone  
  14  0:32  Drone x2  
  16  0:57  Spawning Pool  
  16  1:02  Drone  
  16  1:03  Extractor  
  15  1:12  Hatchery  
  15  1:16  Drone  
  15  1:17  Drone  
  16  1:23  Drone  
  17  1:56  Spine Crawler  
  17  1:57  Queen  
  18  2:17  Drone  
  19  2:28  Roach Warren  
  18  2:32  Queen  
  18  2:36  Zergling x4  
  22  3:00  Zergling x4  
  22  3:04  Overlord  
  24  3:07  Lair  
  24  3:09  Roach x2  
  28  3:18  Zergling x2  
  26  3:26  Drone x3  
  28  3:30  Extractor  
  27  3:37  Zergling x2  
  28  4:02  Overlord  
  28  4:03  Overlord  
  28  4:11  Nydus Network  
  28  4:12  Pneumatized Carapace  
  27  4:25  Roach x2  
  27  4:28  Roach  
  33  4:41  Roach  
  35  4:53  Nydus Canal  
  35  4:55  Roach  
  35  4:56  Zergling x2  
  38  5:29  Nydus Canal  
  38  5:31  Zergling x12  
  32  6:02  Drone x3  
  34  6:04  Drone x2, Hydralisk Den  
  33  6:15  Roach  
  33  6:18  Drone  
  32  6:36  Nydus Canal  
  30  6:41  Hydralisk  
  30  6:42  Hydralisk x2  
  36  6:54  Zergling x4  
  36  7:02  Nydus Canal  
Tags
 
Add a new tag
Caveats
  • Supply blocks, unpowered buildings, or Contaminate may cause inaccurate times.
  • Supply counts are checked every 10 seconds.